 Dungeon Crawl Stone Soup version 0.19.4-12-gccf7e64 (webtiles) character file.

264086 topcat the Hoplite (level 19, -3/179 HPs)
             Began as a Minotaur Gladiator on Jan 19, 2017.
             Was the Champion of Okawaru.
             Slain by the 27-headed Lernaean hydra (9 damage)
             ... on level 4 of the Swamp on Feb 28, 2017.
             The game lasted 16:04:09 (48628 turns).

topcat the Hoplite (Minotaur Gladiator)            Turns: 48628, Time: 16:04:10

Health: -3/179     AC: 37    Str: 26    XL:     19   Next: 65%
Magic:  21/21      EV: 11    Int:  5    God:    Okawaru [******]
Gold:   1780       SH: 30    Dex: 13    Spells: 0 memorised, 18 levels left

rFire  . . .     SeeInvis .     f - +6 spear (flame)
rCold  . . .     Gourm    +     U - +1 plate armour
rNeg   . . .     Faith    .     m - +2 large shield
rPois  +         Spirit   .     J - +2 hat
rElec  .         Reflect  .     z - +2 cloak {MR+}
rCorr  .         Harm     .     r - +2 pair of gloves
MR     ++...     Rnd*Rage +     Q - +2 pair of boots
Stlth  ..........               R - amulet of the gourmand
                                o - ring of poison resistance
                                Y - +4 ring of protection

@: flying, very slightly contaminated, invisible
A: retaliatory headbutt, beak, horns 2, talons 1, large bone plates 1, slimy
green scales 1, berserk 1, shaggy fur 1
a: Heroism, Finesse, Renounce Religion
}: 1/15 runes: serpentine


You were on level 4 of the Swamp.
You worshipped Okawaru.
Okawaru was exalted by your worship.
You were very full.

You visited 8 branches of the dungeon, and saw 36 of its levels.

You collected 3564 gold pieces.
You spent 1784 gold pieces at shops.

Inventory:

Hand Weapons
 a - a +4 war axe of electrocution
 b - the +6 hand crossbow of Offence {freeze, rF++ rC- MR+ SInv}
   (You bought it in a shop on level 2 of the Orcish Mines)

   It causes projectiles fired from it to freeze those they strike, causing
   extra injury to most foes and up to half again as much damage against
   particularly susceptible opponents.
   They can also slow down cold-blooded creatures.
   It greatly protects you from fire.
   It makes you vulnerable to cold.
   It affects your resistance to hostile enchantments.
   It lets you see invisible.
 c - the +2 trident "Fyduto" {antimagic, rElec rF+ Dex+4}
   (You found it on level 6 of the Dungeon)

   It reduces the magical energy of the wielder, and disrupts the spells and
   magical abilities of those hit.
   Natural abilities and divine invocations are not affected.
   It affects your dexterity (+4).
   It protects you from fire.
   It insulates you from electricity.
 f - a +6 spear of flaming (weapon)
 k - a +3 hand axe of freezing
 p - the +8 spear of Patience {holy, +Rage rPois Str+7 Dex-4}
   (Okawaru gifted it to you on level 3 of the Snake Pit)

   It has been blessed by the Shining One to cause great damage to the undead
   and demons.
   It affects your strength (+7).
   It affects your dexterity (-4).
   It protects you from poison.
   It lets you go berserk.
 S - a +2 war axe of chopping
Missiles
 B - 6 silver javelins (quivered)
 G - 370 bolts
Armour
 l - a +2 chain mail of fire resistance
 m - a +2 large shield (worn)
 r - a +2 pair of gloves (worn)
 z - a +2 cloak of magic resistance (worn)
 J - a +2 hat (worn)
 L - a +2 cloak of invisibility
 Q - a +2 pair of boots (worn)
 U - a +1 plate armour (worn)
Jewellery
 d - an uncursed ring of protection from fire
 h - an uncursed ring of protection from fire
 o - a ring of poison resistance (right hand)
 t - an uncursed ring of protection from cold
 D - the amulet "Anwan" {Spirit MR+ Int+3 Dex+4}
   (You found it on level 4 of the Swamp)

   [amulet of guardian spirit]

   It causes incoming damage to be split between your health and magic.
   It affects your intelligence (+3).
   It affects your dexterity (+4).
   It affects your resistance to hostile enchantments.
 H - a +2 ring of strength
 K - an uncursed ring of flight
 O - an uncursed ring of resist corrosion
 R - an amulet of the gourmand (around neck)
 T - an uncursed ring of ice
 Y - a +4 ring of protection (left hand)
Scrolls
 v - 2 scrolls of blinking
 w - 17 scrolls of identify
 x - a scroll of magic mapping
 C - 10 scrolls of teleportation
 N - 3 scrolls of fear
 V - 2 scrolls of holy word
 W - 15 scrolls of remove curse
 X - 2 scrolls of fog
Potions
 q - 2 potions of heal wounds
 s - 5 potions of curing
 u - 2 potions of invisibility
 y - a potion of haste
 A - a potion of flight
 F - a potion of cancellation
 I - a potion of agility
 M - a potion of resistance
 Z - 3 potions of might
Comestibles
 e - 15 bread rations
 g - 13 royal jellies
 i - 11 fruits
 j - 18 meat rations
 n - a chunk of flesh
 E - 5 beef jerkies
 P - a slice of pizza


   Skills:
 + Level 17.8 Fighting
 + Level 19.6(20.0) Axes
 + Level 7.5(14.9) Polearms
   Level 7.8(8.6) Slings
 + Level 5.7 Crossbows
 + Level 4.8(6.7) Throwing
 + Level 14.7 Armour
 + Level 8.0 Dodging
 - Level 4.0 Stealth
 + Level 22.2 Shields
 + Level 5.1 Invocations
 + Level 0.8 Evocations


You had 18 spell levels left.
You didn't know any spells.

Dungeon Overview and Level Annotations

Branches:
Dungeon (15/15)            Temple (1/1) D:7            Lair (6/6) D:9
  Swamp (4/4) Lair:2        Snake (4/4) Lair:4        Slime (1/5) Lair:6
    Orc (2/2) D:10            Elf (3/3) Orc:2        Vaults (0/5) D:14
 Depths (0/5) D:15

Altars:
Ashenzari
Cheibriados
Dithmenos
Elyvilon
Fedhas
Gozag
Hepliaklqana
Makhleb
Nemelex Xobeh
Okawaru
Qazlal
Ru
Sif Muna
Trog
Vehumet
Xom
Yredelemnul
Zin
The Shining One
Beogh
Jiyva

Shops:
D:9 (   D:12 *   Orc:2 *}**   Snake:1 ![[   Snake:2 (

Portals:
Hell: Lair:6

Annotations:
D:1 exclusion: downstairs
D:6 exclusion: downstairs, Pikel
D:11 exclusion: downstairs
Swamp:4 3 exclusions, Lernaean hydra


Innate Abilities, Weirdness & Mutations

You reflexively headbutt those who attack you in melee.
You have a pair of horns on your head.
You have a beak for a mouth.
You have sharp toenails.
You are partially covered in large bone plates. (SH +4)
You are partially covered in slimy green scales. (AC +2)
You tend to lose your temper in combat.
You are covered in fur. (AC +1)


Message History

The 27-headed Lernaean hydra bites you but does no damage.
You block the 27-headed Lernaean hydra's attack. x2
The 27-headed Lernaean hydra closely misses you.
The 27-headed Lernaean hydra bites you!
* * * LOW HITPOINT WARNING * * *
The 27-headed Lernaean hydra bites you but does no damage.
The 27-headed Lernaean hydra closely misses you. x2
You block the 27-headed Lernaean hydra's attack.
The 27-headed Lernaean hydra bites you but does no damage. x2
The 27-headed Lernaean hydra bites you.
* * * LOW HITPOINT WARNING * * *
The 27-headed Lernaean hydra bites you but does no damage. x3
The 27-headed Lernaean hydra closely misses you.
The 27-headed Lernaean hydra bites you but does no damage. x2
You block the 27-headed Lernaean hydra's attack.
The 27-headed Lernaean hydra closely misses you.
You block the 27-headed Lernaean hydra's attack.
The 27-headed Lernaean hydra bites you but does no damage. x2
The 27-headed Lernaean hydra bites you!
You die...

♣♣♣..≈≈.≈♣♣ ♣♣.≈.....≈≈≈.
.♣≈§.≈....♣♣♣♣♣♣ ♣≈≈..≈≈..≈♣♣.
≈...≈..≈≈≈§§§.≈♣ ♣.≈≈<≈≈....♣≈
≈♣...≈§§§§§§§..♣♣ ♣♣≈≈≈≈...≈≈≈♣
♣≈..≈≈≈§§§§♣§≈≈.♣♣♣ ♣.≈≈≈≈≈..≈≈..
♣♣...w.§§§§§.≈≈≈.≈♣ ♣..≈≈≈≈......
≈.≈≈≈.§§♣♣♣♣.w≈≈≈.♣ ♣♣♣♣..≈≈≈..§.
≈.≈≈≈♣♣♣♣ ♣≈≈≈≈≈.♣♣♣♣♣♣≈..≈≈≈♣≈.
≈.♣♣♣♣ ♣♣* ♣♣≈≈D@.≈♣.≈♣♣♣♣♣.≈.≈♣♣
≈≈♣≈≈♣♣♣≈♣♣♣.≈≈≈≈≈..≈≈≈♣♣♣.≈..♣♣♣
≈≈..≈♣.≈≈.♣♣♣.≈≈..≈.≈≈.♣♣≈.≈≈.♣
≈.≈≈♣♣.≈≈..♣♣.≈(♣♣♣♣≈.§..≈.≈≈≈♣
≈≈≈.♣♣♣.≈.≈≈≈♣♣♣♣ ♣...≈≈..≈≈.♣ ♣
..♣≈♣ ♣.≈≈≈§.♣ ♣♣♣♣≈≈≈≈..♣.≈.♣♣♣
.≈..♣ ♣.≈≈≈.≈♣ ♣≈.≈≈≈≈..♣♣♣♣♣♣♣.
≈♣♣♣♣ ♣.≈≈≈≈♣♣♣♣♣.≈≈≈≈...♣♣.≈♣♣♣.
≈♣♣♣♣ ♣.≈≈.♣♣ ♣.≈.≈≈≈.≈≈♣♣♣..≈♣♣♣


You could see the 27-headed Lernaean hydra and a swamp worm.

Vanquished Creatures
  Vashnia (Snake:2)
  Saint Roka (Snake:4)
  Jorgrun (Snake:4)
  Asterion (Snake:4)
  A tengu reaver (D:15)
  3 thorn hunters
  Kirke (Elf:1)
  10 nagarajas
  A frost giant (D:15)
  Aizul (Elf:1)
  Azrael (Elf:1)
  A dire elephant (Lair:2)
  An ice dragon (Orc:1)
  The ghost of Naow the Thaumaturge, a journeyman DEFE of Vehumet (Orc:1)
  4 vault guards (D:14)
  A great orb of eyes (D:15)
  14 hydras
  A ghost crab (Swamp:2)
  17 anacondas
  A catoblepas (Lair:3)
  9 centaur warriors
  20 naga warriors
  3 death yaks
  15 alligators
  A tengu warrior (D:15)
  27 dancing weapons
  Urug (D:15)
  17 naga sharpshooters
  Sonja (D:12)
  7 shock serpents
  6 spriggans
  16 deep elf knights
  A shadow wraith (D:15)
  A sixfirhy (Lair:6)
  4 salamander mystics
  9 sea snakes (Snake:4)
  6 swamp dragons
  5 skeletal warriors
  2 wizards
  2 spriggan druids (Swamp:2)
  5 naga ritualists
  6 hill giants
  15 deep elf archers
  2 shambling mangroves
  A wolf spider zombie (D:15)
  3 orc knights
  11 mana vipers
  15 oklob plants
  10 orc sorcerers
  9 salamanders
  49 deep elf magi
  5 cyclopes
  A salamander (shapeshifter) (D:15)
  18 ugly things
  16 elephants
  8 guardian serpents
  18 naga magi
  40 black mambas
  2 gargoyles
  2 orange demons (Lair:6)
  14 spiny frogs
  3 rime drakes
  6 komodo dragons
  4 kobold demonologists
  4 yaktaurs (D:15)
  An efreet (D:14)
  2 ice devils (Lair:6)
  A hellwing (Lair:6)
  A meliai (D:15)
  A meliai (shapeshifter) (D:15)
  A tengu conjurer (D:14)
  8 polar bears
  5 tyrant leeches
  10 hornets
  5 two-headed ogres
  7 trolls
  12 blink frogs
  27 slime creatures
  10 hippogriffs
  5 dream sheep (Lair:5)
  12 bog bodies
  3 water elementals
  4 air elementals (Elf:1)
  A centaur simulacrum (D:15)
  5 wyverns
  2 shadows
  A hog (Elf:1)
  A wraith (D:13)
  2 hungry ghosts (D:15)
  A human (D:14)
  35 yaks
  6 fire elementals
  10 vampire mosquitoes
  3 mottled dragons (D:15)
  56 nagas
  3 insubstantial wisps (Swamp:2)
  9 wargs
  4 hell hounds (Elf:1)
  18 swamp worms
  Duvessa (D:5)
  11 wandering mushrooms
  A porcupine (Lair:3)
  19 water moccasins
  8 swamp drakes
  3 phantoms
  2 ice beasts
  4 sky beasts
  An eye of draining (D:11)
  32 orc warriors
  2 black bears (D:8)
  2 necrophages
  10 ogres
  15 centaurs
  14 wolves
  6 crocodiles
  7 big kobolds
  A big kobold (shapeshifter) (D:15)
  20 bullfrogs
  3 gnoll sergeants
  Dowan (D:5)
  An earth elemental (Elf:1)
  A water moccasin zombie (D:12)
  3 scorpions
  4 killer bees (D:7)
  6 wights
  An electric eel (Lair:6)
  9 jellies
  10 crimson imps
  4 howler monkeys
  A bullfrog zombie (D:12)
  6 centaur zombies
  6 hounds
  3 quasits
  17 orc priests
  3 centaur skeletons
  3 iguanas
  37 orc wizards
  5 worker ants
  A hound zombie (D:7)
  4 worker ant zombies
  Robin (D:2)
  13 gnolls
  A howler monkey skeleton (D:6)
  10 adders
  2 shadow imps
  5 oozes (D:10)
  3 worms
  A dart slug (D:1)
  4 leopard geckos
  104 orcs
  6 giant cockroaches
  19 goblins
  8 hobgoblins
  4 jackals (D:1)
  27 kobolds
  8 quokkas
  A ball python (D:4)
  9 bats
  5 frilled lizards
  A quokka skeleton (D:9)
  A quokka zombie (D:9)
  12 rats
  6 ballistomycetes (Orc:2)
  9 fungi (D:9)
  19 plants
1322 creatures vanquished.

Vanquished Creatures (collateral kills)
  A hydra (Lair:1)
  A death yak (Lair:3)
  4 elephants
  A black mamba (Lair:6)
  A smoke demon (Lair:6)
  An orange demon (Lair:6)
  4 spiny frogs
  4 komodo dragons
  2 ice devils (Lair:6)
  A troll (D:9)
  A red devil (Lair:6)
  3 blink frogs (Lair:4)
  2 dream sheep (Lair:5)
  5 hippogriffs
  A wyvern (D:9)
  8 yaks
  A spriggan (Lair:2)
  2 basilisks (Lair:3)
  A hungry ghost (D:9)
  4 water moccasins
  A hell hound (Lair:6)
  A wandering mushroom (Lair:6)
  A black bear (Lair:2)
  An ogre (D:9)
  2 wolves (Lair:3)
  2 crocodiles
  A bullfrog (Lair:1)
  A killer bee (D:7)
  4 wights
  A jelly (D:10)
  An orc priest (D:10)
  An iguana (D:9)
  A worker ant (D:9)
  10 orcs
  A bat (D:9)
  A rat (D:9)
78 creatures vanquished.

Vanquished Creatures (others)
  An oklob plant (Lair:2)
  A deep elf mage (Elf:1)
  A slime creature (D:14)
  A water elemental (Elf:2)
  3 humans (Elf:1)
  A swamp drake (Swamp:4)
  32 wandering mushrooms
  9 ballistomycete spores (Orc:2)
  2 briar patches (Swamp:4)
  63 fungi
  24 plants
  312 toadstools
450 creatures vanquished.

Grand Total: 1850 creatures vanquished

Notes
Turn   | Place    | Note
-------+----------+-------------------------------------------
     0 | D:1      | topcat the Minotaur Gladiator began the quest for the Orb.
     0 | D:1      | Reached XP level 1. HP: 18/18 MP: 0/0
   334 | D:1      | Reached XP level 2. HP: 25/25 MP: 1/1
   414 | D:2      | Found a blossoming altar of Fedhas.
   414 | D:2      | Noticed Robin
  1027 | D:2      | Reached XP level 3. HP: 30/30 MP: 2/2
  1222 | D:2      | Reached skill level 1 in Armour
  1289 | D:2      | Reached XP level 4. HP: 38/38 MP: 3/3
  1298 | D:2      | Killed Robin
  1471 | D:2      | Became a worshipper of Fedhas Madash
  1839 | D:2      | Gained mutation: You evolve. [potion of mutation]
  1839 | D:2      | Gained mutation: You are partially covered in slimy green scales. (AC +2) [potion of mutation]
  1839 | D:2      | Gained mutation: Your magical capacity is low. (-10% MP) [potion of mutation]
  1840 | D:2      | Gained mutation: Your flesh is cold resistant. (rC+) [potion of mutation]
  1840 | D:2      | Gained mutation: Your mind is acute. (Int +2) [potion of mutation]
  1840 | D:2      | Gained mutation: You tend to lose your temper in combat. [potion of mutation]
  1880 | D:3      | Reached skill level 5 in Axes
  2120 | D:3      | Gained mutation: You are weak. (Str -2) [evolution]
  2197 | D:3      | Reached XP level 5. HP: 45/45 MP: 3/3
  2329 | D:3      | Reached * piety under Fedhas
  2802 | D:5      | Entered Level 5 of the Dungeon
  2851 | D:4      | Reached skill level 1 in Shields
  3100 | D:4      | Reached XP level 6. HP: 52/52 MP: 4/4
  3354 | D:4      | Lost mutation: You are weak. (Str -2) [evolution]
  3387 | D:4      | Reached skill level 2 in Shields
  3432 | D:4      | Found a radiant altar of Vehumet.
  3433 | D:4      | Found a basalt altar of Yredelemnul.
  3984 | D:5      | Reached XP level 7. HP: 59/59 MP: 5/5
  4061 | D:5      | Noticed Dowan
  4062 | D:5      | Upgraded the game from 0.19.1-1-g22dce08 to 0.19.3-1-g3169bf9
  4065 | D:5      | Noticed Duvessa
  4085 | D:5      | Killed Duvessa
  4085 | D:5      | Reached skill level 1 in Slings
  4089 | D:5      | Killed Dowan
  4364 | D:6      | Reached skill level 3 in Shields
  4599 | D:6      | Noticed Pikel
  4945 | D:6      | Gained mutation: You have supernaturally acute eyesight. (SInv) [potion of mutation]
  4945 | D:6      | Gained mutation: You are agile. (Dex +2) [potion of mutation]
  5020 | D:6      | Got a shimmering ring mail
  5031 | D:6      | Identified the cursed +1 ring mail of the Guild-Master {Stlth+} (You found it on level 6 of the Dungeon)
  5057 | D:6      | Reached skill level 4 in Shields
  5057 | D:6      | Reached XP level 8. HP: 60/67 MP: 4/6
  5074 | D:6      | Found a bloodstained altar of Trog.
  5204 | D:6      | Got an ancient trident
  5205 | D:6      | Identified the cursed +2 trident "Fyduto" {antimagic, rElec rF+ Dex+4} (You found it on level 6 of the Dungeon)
  5442 | D:6      | Reached skill level 5 in Fighting
  5656 | D:7      | Found a staircase to the Ecumenical Temple.
  5692 | D:7      | Reached skill level 5 in Shields
  5696 | D:7      | Reached skill level 5 in Dodging
  5696 | D:7      | Reached skill level 1 in Stealth
  5964 | D:7      | Reached XP level 9. HP: 69/74 MP: 7/7
  6050 | D:7      | Found a glowing golden altar of the Shining One.
  6159 | D:7      | Reached skill level 6 in Shields
  6417 | D:7      | Found a stormy altar of Qazlal.
  7046 | D:8      | Reached skill level 5 in Armour
  7371 | D:8      | Found an opulent altar of Gozag.
  7524 | D:8      | Reached skill level 1 in Polearms
  7935 | D:8      | Found a shimmering altar of Xom.
  8022 | D:9      | Found a staircase to the Lair.
  8043 | D:9      | Lost mutation: Your magical capacity is low. (-10% MP) [potion of cure mutation]
  8043 | D:9      | Lost mutation: You evolve. [potion of cure mutation]
  8043 | D:9      | Lost mutation: Your mind is acute. (Int +2) [potion of cure mutation]
  8043 | D:9      | Lost mutation: Your flesh is cold resistant. (rC+) [potion of cure mutation]
  8043 | D:9      | Lost mutation: You have supernaturally acute eyesight. (SInv) [potion of cure mutation]
  8043 | D:9      | Lost mutation: You are agile. (Dex +2) [potion of cure mutation]
  8081 | D:10     | Entered Level 10 of the Dungeon
  8152 | D:9      | Reached skill level 7 in Shields
  8411 | D:9      | Noticed a troll
  8420 | D:9      | Reached skill level 10 in Axes
  8437 | D:9      | Killed a troll
  8452 | D:9      | Reached ** piety under Fedhas
  8459 | D:9      | Upgraded the game from 0.19.3-1-g3169bf9 to 0.19.3-4-gbf9329e
  8619 | D:9      | Found a deep blue altar of Sif Muna.
  8696 | D:9      | Reached skill level 5 in Slings
  8696 | D:9      | Reached XP level 10. HP: 84/84 MP: 9/9
  8711 | D:9      | Found a white marble altar of Elyvilon.
  8761 | D:9      | Found Qazaong's Weapon Shoppe.
  8877 | D:9      | Bought a +3 war axe of electrocution for 359 gold pieces
  8919 | D:9      | Found a sacrificial altar of Ru.
  8919 | D:9      | Found a sparkling altar of Nemelex Xobeh.
  8979 | Lair:1   | Entered Level 1 of the Lair of Beasts
  9463 | Lair:1   | Noticed an oklob plant
  9698 | Lair:1   | Noticed an eight-headed hydra
  9777 | Lair:1   | Killed an eight-headed hydra
 10163 | Lair:2   | Noticed an elephant
 10177 | Lair:2   | Noticed a spiny frog
 10186 | Lair:2   | Noticed a spiny frog
 10186 | Lair:2   | Killed a spiny frog
 10186 | Lair:2   | Reached skill level 1 in Invocations
 10195 | Lair:2   | Killed a spiny frog
 10355 | Lair:2   | Noticed an elephant
 10380 | Lair:2   | Killed an elephant
 10401 | Lair:2   | Noticed an elephant
 10408 | Lair:2   | Killed an elephant
 10499 | Lair:2   | Noticed an elephant
 10517 | Lair:2   | Killed an elephant
 10560 | Lair:2   | Reached XP level 11. HP: 94/95 MP: 11/11
 10643 | Lair:2   | Found a staircase to the Swamp.
 10826 | Lair:2   | Noticed a dire elephant
 10843 | Lair:2   | Killed a dire elephant
 10843 | Lair:2   | Reached skill level 8 in Shields
 11071 | Lair:2   | Upgraded the game from 0.19.3-4-gbf9329e to 0.19.4
 11472 | Lair:2   | Reached skill level 9 in Shields
 11780 | Swamp:1  | Entered Level 1 of the Swamp
 11788 | Swamp:1  | Noticed a swamp dragon
 11847 | Lair:3   | Noticed a death yak
 11850 | Lair:3   | Noticed a death yak
 11852 | Lair:3   | Noticed a death yak
 12162 | Lair:3   | Killed a death yak
 12162 | Lair:3   | Reached XP level 12. HP: 93/104 MP: 12/12
 12165 | Lair:3   | Killed a death yak
 12169 | Lair:3   | Killed a death yak
 12435 | Lair:3   | Noticed a catoblepas
 12467 | Lair:3   | Killed a catoblepas
 12830 | Lair:4   | Reached skill level 10 in Shields
 12980 | Lair:3   | Reached skill level 10 in Fighting
 13214 | Lair:4   | Found a staircase to the Snake Pit.
 13233 | Snake:1  | Entered Level 1 of the Snake Pit
 13641 | Lair:4   | Gained mutation: You are covered in fur. (AC +1) [potion of mutation]
 13641 | Lair:4   | Gained mutation: You are partially covered in large bone plates. (SH +4) [potion of mutation]
 13641 | Lair:4   | Gained mutation: You have sharp toenails. [potion of mutation]
 14447 | Lair:5   | Upgraded the game from 0.19.4 to 0.19.4-8-ga85b6b9
 14459 | Lair:6   | Entered Level 6 of the Lair of Beasts
 14795 | Lair:5   | Reached skill level 11 in Shields
 14796 | Lair:5   | Reached XP level 13. HP: 91/114 MP: 14/14
 15462 | Lair:6   | Found a staircase to the Slime Pits.
 15463 | Lair:6   | Found a viscous altar of Jiyva.
 15473 | Slime:1  | Entered Level 1 of the Pits of Slime
 15473 | Slime:1  | Noticed an acid blob
 15473 | Slime:1  | Noticed an acid blob
 15473 | Slime:1  | Noticed an acid blob
 15544 | Lair:6   | Reached skill level 15 in Axes
 15552 | Lair:6   | Reached *** piety under Fedhas
 15572 | Lair:6   | Gained mutation: You have a beak for a mouth. [potion of mutation]
 16308 | Lair:6   | Reached skill level 12 in Shields
 16486 | Lair:6   | Found a burning altar of Makhleb.
 17155 | Lair:6   | Found a gateway to Hell.
 17687 | D:10     | Fell from the grace of Fedhas
 17803 | Temple   | Entered the Ecumenical Temple
 17823 | Temple   | Became a worshipper of Warmaster Okawaru
 18318 | D:10     | Reached * piety under Okawaru
 18675 | D:10     | Found a staircase to the Orcish Mines.
 18773 | Orc:1    | Entered Level 1 of the Orcish Mines
 18773 | Orc:1    | Noticed Naow's ghost (journeyman DEFE)
 18914 | Orc:1    | Killed Naow's ghost
 18947 | Orc:2    | Entered Level 2 of the Orcish Mines
 19430 | Orc:2    | Reached skill level 13 in Shields
 19482 | Orc:1    | Reached ** piety under Okawaru
 19662 | Orc:1    | Reached XP level 14. HP: 124/124 MP: 16/16
 20138 | Orc:1    | Found a roughly hewn altar of Beogh.
 20485 | Orc:2    | Reached *** piety under Okawaru
 20512 | Orc:2    | Reached skill level 10 in Armour
 21012 | Orc:2    | Found a staircase to the Elven Halls.
 21131 | Orc:2    | Found Birirch's Assorted Antiques.
 21131 | Orc:2    | Found Raogh's General Store.
 21288 | Orc:2    | Bought the +6 hand crossbow of Offence {freeze, rF++ rC- MR+ SInv} for 954 gold pieces
 21298 | Orc:2    | Bought a pair of encrusted gloves for 351 gold pieces
 21308 | Orc:2    | Identified the +0 pair of gloves of Ityoze {*Corrode Int+9 Slay+4} (You bought it in a shop on level 2 of the Orcish Mines)
 21327 | Orc:2    | Found a roughly hewn altar of Beogh.
 21451 | Orc:2    | Found Homun's Assorted Antiques.
 21451 | Orc:2    | Found Xarilym's Gadget Emporium.
 21570 | Elf:1    | Entered Level 1 of the Elven Halls
 21595 | Orc:2    | Reached **** piety under Okawaru
 22250 | D:11     | Reached skill level 14 in Shields
 22658 | D:11     | Got a faintly glowing war axe
 22665 | D:11     | Identified the +1 war axe "Ucrasmoa" {chop, Fragile rPois rN+ MR+} (You found it on level 11 of the Dungeon)
 22760 | D:12     | Noticed Sonja
 23076 | D:12     | Killed Sonja
 23237 | D:12     | Got a fine shield
 23248 | D:12     | Identified the +2 shield "Iddau" {Int+3} (You found it on level 12 of the Dungeon)
 23427 | D:13     | Reached ***** piety under Okawaru
 23572 | D:12     | Found Ontalul's Assorted Antiques.
 23595 | D:12     | Bought a tourmaline ring for 120 gold pieces
 24387 | D:13     | Reached skill level 1 in Crossbows
 24726 | D:14     | Received a gift from Okawaru
 25309 | D:14     | Reached XP level 15. HP: 125/134 MP: 17/17
 26056 | D:14     | Reached skill level 5 in Polearms
 26157 | D:15     | Entered Level 15 of the Dungeon
 26176 | D:14     | Reached skill level 15 in Shields
 26205 | D:15     | Received a gift from Okawaru
 26398 | D:15     | Found a stormy altar of Qazlal.
 26400 | D:15     | Found a shattered altar of Ashenzari.
 26401 | D:15     | Found a blossoming altar of Fedhas.
 26471 | D:15     | Was forgiven by Fedhas
 26665 | D:15     | Noticed Urug
 26684 | D:15     | Killed Urug
 26895 | D:15     | Found a staircase to the Depths.
 27143 | D:15     | Received a gift from Okawaru
 27251 | D:15     | Noticed a frost giant
 27288 | D:15     | Killed a frost giant
 27820 | D:15     | Reached skill level 16 in Shields
 27891 | D:15     | Noticed a tengu reaver
 27911 | D:15     | Killed a tengu reaver
 28538 | D:14     | Received a gift from Okawaru
 28622 | D:14     | Found a gate to the Vaults.
 28849 | Elf:1    | Noticed Aizul
 29484 | Elf:1    | Killed Aizul
 30311 | Elf:1    | Reached XP level 16. HP: 145/145 MP: 18/18
 30715 | Elf:1    | Noticed Azrael
 30731 | Elf:1    | Reached ****** piety under Okawaru
 30734 | Elf:1    | Killed Azrael
 30739 | Elf:1    | Reached skill level 17 in Shields
 31265 | Elf:1    | Upgraded the game from 0.19.4-8-ga85b6b9 to 0.19.4-9-g45fd643
 31467 | Elf:1    | Noticed Kirke
 31556 | Elf:1    | Killed Kirke
 31837 | Elf:1    | Received a gift from Okawaru
 32129 | Elf:1    | Received a gift from Okawaru
 33525 | Elf:2    | Received a gift from Okawaru
 33620 | Elf:2    | Reached skill level 18 in Shields
 33933 | Elf:3    | Entered Level 3 of the Elven Halls
 33995 | Elf:2    | Found a runed gate.
 33995 | Elf:2    | Found a runed gate.
 33995 | Elf:2    | Found a runed gate.
 34168 | Elf:2    | Reached skill level 15 in Fighting
 34641 | Elf:2    | Reached XP level 17. HP: 156/156 MP: 19/19
 35152 | Elf:2    | Received a gift from Okawaru
 35879 | Snake:1  | Found Dugan's Distillery.
 35881 | Snake:1  | Found Vetsuh's Armour Emporium.
 35890 | Snake:1  | Found Fiubaicw's Armour Shoppe.
 36176 | Snake:1  | Reached skill level 19 in Shields
 37928 | Snake:2  | Noticed Vashnia
 37934 | Snake:2  | Found Quiss's Antique Weapon Boutique.
 38029 | Snake:2  | Received a gift from Okawaru
 38387 | Snake:2  | Killed Vashnia
 38424 | Snake:2  | Upgraded the game from 0.19.4-9-g45fd643 to 0.19.4-10-g532645f
 38495 | Snake:2  | Got a dazzling short sword {god gift}
 38496 | Snake:2  | Identified the +7 short sword of Iconoclasm {pierce, *Noise Str+6} (Okawaru gifted it to you on level 2 of the Snake Pit)
 39479 | Snake:2  | Received a gift from Okawaru
 40195 | Snake:3  | Reached skill level 20 in Shields
 40318 | Snake:3  | Received a gift from Okawaru
 40335 | Snake:3  | Got a dazzling spear {god gift}
 40336 | Snake:3  | Identified the +8 spear of Patience {holy, +Rage rPois Str+7 Dex-4} (Okawaru gifted it to you on level 3 of the Snake Pit)
 40337 | Snake:3  | Identified a scroll of acquirement
 40394 | Snake:3  | Reached XP level 18. HP: 159/166 MP: 20/20
 41091 | Snake:4  | Entered Level 4 of the Snake Pit
 41351 | Snake:4  | Noticed Asterion
 41516 | Snake:4  | Killed Asterion
 41664 | Snake:4  | Received a gift from Okawaru
 41994 | Snake:4  | Noticed Jorgrun
 42509 | Snake:4  | Noticed Saint Roka
 42536 | Snake:4  | Killed Saint Roka
 42573 | Snake:4  | Received a gift from Okawaru
 42582 | Snake:4  | Reached skill level 5 in Invocations
 42607 | Snake:4  | HP: 3/168 [salamander mystic/bolt of magma (14)]
 43056 | Snake:4  | Killed Jorgrun
 43242 | Snake:4  | Got a bone great sword {god gift}
 43248 | Snake:4  | Identified the +7 great sword of Uncomfortable Rashes {holy, Int+3} (Okawaru gifted it to you on level 4 of the Snake Pit)
 43306 | Snake:4  | Reached skill level 21 in Shields
 43511 | Snake:4  | Received a gift from Okawaru
 44423 | Snake:4  | Got a serpentine rune of Zot
 44465 | Snake:4  | Upgraded the game from 0.19.4-10-g532645f to 0.19.4-12-gccf7e64
 44537 | Snake:3  | Reached XP level 19. HP: 166/174 MP: 21/21
 44546 | Snake:3  | Reached skill level 5 in Crossbows
 45005 | Swamp:1  | Received a gift from Okawaru
 46872 | Swamp:2  | Received a gift from Okawaru
 47758 | Swamp:4  | Entered Level 4 of the Swamp
 47923 | Swamp:4  | Got a pitted brass amulet
 47925 | Swamp:4  | Identified the amulet "Anwan" {Spirit MR+ Int+3 Dex+4} (You found it on level 4 of the Swamp)
 48054 | Swamp:4  | Received a gift from Okawaru
 48101 | Swamp:4  | Reached skill level 22 in Shields
 48519 | Swamp:4  | Noticed the 27-headed Lernaean hydra
 48628 | Swamp:4  | HP: 8/179 [the 27-headed Lernaean hydra (10)]
 48628 | Swamp:4  | Slain by the 27-headed Lernaean hydra

Skill      XL: |  1  2  3  4  5  6  7  8  9 10 11 12 13 14 15 16 17 18 19 |
---------------+----------------------------------------------------------+-----
Axes           | 4 5 6 7 8 10 11 13 14 15 16 17 18 19 | 19.6
Fighting       | 3 4 5 6 8 9 10 11 12 13 15 16 17 | 17.8
Armour         | 1 2 3 4 5 6 7 8 9 10 12 13 14 | 14.7
Dodging        | 4 5 6 7 8 |  8.0
Shields        | 1 2 4 5 7 9 11 13 14 16 18 20 21 22 | 22.2
Slings         | 2 4 5 7 |  7.8
Stealth        | 1 2 4 |  4.0
Polearms       | 2 3 4 5 6 7 |  7.5
Invocations    | 1 2 3 4 5 |  5.1
Crossbows      | 2 3 4 5 |  5.7
Throwing       | 3 4 |  4.8
Evocations     | |  0.8

Action                   |  1- 3 |  4- 6 |  7- 9 | 10-12 | 13-15 | 16-18 | 19-21 || total
-------------------------+-------+-------+-------+-------+-------+-------+-------++-------
Melee: War axe           |    63 |   166 |   252 |   333 |  1378 |  1517 |   331 ||  4040
       Headbutt          |     4 |    28 |    62 |    93 |   350 |   343 |   150 ||  1030
       Trident           |       |       |    41 |     5 |       |    68 |    18 ||   132
       Spear             |       |       |       |     5 |    63 |    15 |   152 ||   235
       Kick              |       |       |       |    20 |   558 |    75 |       ||   653
       Peck              |       |       |       |       |   330 |   358 |   131 ||   819
       Hand axe          |       |       |       |       |       |       |     2 ||     2
 Fire: Hunting sling     |       |    10 |    60 |    67 |       |       |       ||   137
       Hand crossbow     |       |       |       |       |    29 |    56 |    25 ||   110
Throw: Stone             |     4 |     7 |     3 |       |       |       |       ||    14
       Tomahawk          |       |       |       |       |    19 |    13 |       ||    32
       Javelin           |       |       |       |       |     5 |    24 |     2 ||    31
Invok: Fungal Bloom      |       |    15 |    16 |    56 |    13 |       |       ||   100
       Evolution         |       |       |     3 |    18 |    23 |       |       ||    44
       Heroism           |       |       |       |       |     5 |     8 |     3 ||    16
       Sunlight          |       |       |       |       |     1 |       |       ||     1
       Renounce Religion |       |       |       |       |     1 |       |       ||     1
       Finesse           |       |       |       |       |       |     6 |     1 ||     7
 Abil: Stop Flying       |       |       |       |       |     2 |       |       ||     2
       Evoke Flight      |       |       |       |       |     2 |       |       ||     2
Evoke: Wand              |       |     1 |     1 |       |     1 |     1 |       ||     4
       Box of beasts     |       |       |       |       |       |       |     2 ||     2
  Use: Scroll            |     3 |    10 |    10 |    12 |     9 |    13 |     4 ||    61
       Potion            |       |     4 |     5 |     1 |     7 |     4 |     2 ||    23
 Stab: Sleeping          |       |       |     2 |     3 |       |       |       ||     5
       Confused          |       |       |     1 |     7 |     3 |       |       ||    11
       Distracted        |       |       |     1 |     5 |     5 |     1 |       ||    12
       Invisible         |       |       |       |       |    19 |       |       ||    19
  Eat: Chunk             |     1 |     7 |    26 |    14 |    60 |    42 |    20 ||   170
       Beef jerky        |       |       |     3 |       |       |       |       ||     3
       Pizza             |       |       |       |       |       |     2 |       ||     2
Armor: Leather armour    |    21 |    11 |       |       |       |       |       ||    32
       Scale mail        |       |     7 |       |       |       |       |       ||     7
       Chain mail        |       |    43 |    47 |       |       |       |       ||    90
       Ring mail         |       |       |    52 |    24 |       |       |       ||    76
       Plate armour      |       |       |       |    60 |   271 |   296 |   255 ||   882
Dodge: Dodged            |    34 |    43 |    78 |    47 |   141 |   185 |   129 ||   657
Block: Large shield      |       |    81 |   263 |   235 |  1124 |  1499 |   547 ||  3749
